 Dungeon Crawl Stone Soup version 0.19.5 (webtiles) character file.

46 devil0150 the Magician (level 3, -4/21 HPs)
             Began as a High Elf Wizard on Apr 9, 2017.
             Killed from afar by devil0150's ghost (8 damage)
             ... with a magic dart
             ... on level 3 of the Dungeon.
             The game lasted 00:07:03 (1532 turns).

devil0150 the Magician (High Elf Wizard)            Turns: 1532, Time: 00:07:04

Health: -4/21      AC:  2    Str:  7    XL:     3   Next: 46%
Magic:  8/10       EV: 13    Int: 22    God:
Gold:   70         SH:  0    Dex: 13    Spells: 3 memorised, 6 levels left

rFire  . . .     SeeInvis .     g - +0 dagger
rCold  . . .     Gourm    .     a - +0 robe
rNeg   . . .     Faith    .     (no shield)
rPois  .         Spirit   .     b - +0 hat
rElec  .         Reflect  .     (no cloak)
rCorr  .         Harm     .     (no gloves)
MR     .....                    (no boots)
Stlth  ++........               (no amulet)
                                (no ring)
                                (no ring)

@: no status effects
A: no striking features
a: no special abilities


You were on level 3 of the Dungeon.
You were hungry.

You visited 1 branch of the dungeon, and saw 3 of its levels.

You collected 70 gold pieces.

Inventory:

Hand Weapons
 g - a +0 dagger (weapon)
 j - a cursed -1 dagger
 o - a +0 hand axe of chopping
Missiles
 i - 13 arrows
Armour
 a - a +0 robe (worn)
 b - a +0 hat (worn)
Jewellery
 n - an uncursed ring of magical power {unknown}
Wands
 m - a wand of flame (4/48)
Potions
 e - 2 potions of lignification {unknown}
 f - a potion of flight {unknown}
 l - 2 potions of agility {unknown}
Books
 c - a book of Minor Magic

   Spells                             Type                      Level
   a - Magic Dart                     Conjuration                  1
   b - Blink                          Translocation                2
   c - Call Imp                       Summoning                    2
   d - Repel Missiles                 Charms/Air                   2
   e - Slow                           Hexes                        2
   f - Conjure Flame                  Conjuration/Fire             3
   g - Mephitic Cloud                 Conjuration/Poison/Air       3
Comestibles
 d - a bread ration
 k - a chunk of flesh


   Skills:
 + Level 0.2 Short Blades
 + Level 2.5 Dodging
 + Level 2.3 Stealth
 + Level 4.7 Spellcasting
 + Level 1.8 Conjurations
 + Level 0.8 Summonings
 + Level 1.1 Translocations


You had 6 spell levels left.
You knew the following spells:

 Your Spells              Type           Power        Failure   Level  Hunger
a - Magic Dart            Conj           ##..         8%          1    None
b - Blink                 Tloc           N/A          12%         2    None
c - Call Imp              Summ           #.......     12%         2    None


Dungeon Overview and Level Annotations

Branches:
Dungeon (3/15)

Altars:

Annotations:
D:2 Sigmund
D:3 devil0150's ghost, weakling HEWz


Message History

A goblin and a kobold come into view.
The goblin shouts!
There is a stone staircase leading up here.
Devil0150's ghost (weakling High Elf Wizard) comes into view.
The kobold misses you.
Devil0150's ghost mumbles some strange words.
Devil0150's ghost mumbles some strange words.
Your magical contamination has completely faded away.
The crimson imp blinks!
The shadow imp gestures at you.
You barely resist.
Found 11 gold pieces.
The shadow imp disappears in a puff of smoke!
Devil0150's ghost gestures at you while chanting.
The magic dart hits you!
* * * LOW HITPOINT WARNING * * *
Found a papyrus book.
Devil0150's ghost points at you and mumbles some strange words.
The magic dart hits you!
You die...

...........#
...........#
...........#
...........#
.........K## ###
#######.#.#
#.#######...g.####
#....g..#.#......#
#@#####.#.######.#
#......$....#.######.#
###........W..##.....#
###.....#...g...W.##
#...#.#......##.#
#.#.#.#####..##.#
#.#.. . #.....# #.###.
. #.##### ..#


You could see devil0150's ghost and a goblin.

Vanquished Creatures
  An adder (D:2)
  4 dart slugs (D:1)
  2 leopard geckos (D:1)
  A ball python (D:1)
  4 bats (D:1)
  2 giant cockroaches (D:1)
  6 goblins
  4 kobolds (D:1)
  3 rats
27 creatures vanquished.

Notes
Turn   | Place    | Note
-------+----------+-------------------------------------------
     0 | D:1      | devil0150 the High Elf Wizard began the quest for the Orb.
     0 | D:1      | Reached XP level 1. HP: 11/11 MP: 6/6
   118 | D:1      | Reached skill level 4 in Spellcasting
   204 | D:1      | Reached XP level 2. HP: 17/17 MP: 4/8
   737 | D:1      | Learned a level 2 spell: Blink
   740 | D:1      | Learned a level 2 spell: Call Imp
  1019 | D:1      | Reached XP level 3. HP: 18/21 MP: 5/10
  1448 | D:2      | Noticed Sigmund
  1504 | D:3      | Noticed devil0150's ghost (weakling HEWz)
  1532 | D:3      | Killed from afar by devil0150's ghost

Skill      XL: |  1 |
---------------+----+-----
Spellcasting   | 4 |  4.7
Short Blades   | |  0.2
Dodging        | |  2.5
Stealth        | |  2.3
Conjurations   | |  1.8
Summonings     | |  0.8
Translocations | |  1.1

Action                   || total
-------------------------++-------
Melee: Unarmed           ||     1
       Dagger            ||    35
 Cast: Magic Dart        ||    71
       Blink             ||     4
  Use: Scroll            ||     4
  Eat: Chunk             ||     1
Armor: Robe              ||     9
Dodge: Dodged            ||    50
